 Dungeon Crawl Stone Soup version 0.31-a0-858-g469dc525a8 (webtiles) character file.

Game seed: 2973952782678294578

354 Ethylacetat the Changeling (level 6, -4/32 HPs)
             Began as a Vine Stalker Shapeshifter on Oct 9, 2023.
             Slain by a gnoll
             ... wielding a +2 heavy flail
              (13 damage)
             ... on level 3 of the Dungeon.
             The game lasted 00:06:38 (2961 turns).

Ethylacetat the Changeling (VSSh)                   Turns: 2961, Time: 00:06:39

Health: -4/32      AC:  2    Str: 19    XL:     6   Next: 63%
Magic:  0/7        EV: 12    Int: 10    God:
Gold:   131        SH:  0    Dex: 13    Spells: 5/5 levels left

rFire   . .          .
                       - Unarmed
rCold   . . .        (no shield)
rNeg    . . .        a - +0 animal skin
rPois   .            (helmet currently unavailable)
rElec   .            (cloak currently unavailable)
rCorr   .            (gloves currently unavailable)
SInv    .            (boots currently unavailable)
Will    .....        (no amulet)
Stlth   +            l - ring of flight
HPRegen 1.05/turn    (no ring)
MPRegen 0.10/turn

%: guardian spirit
@: beast-form, flying
A: beast (slay +2), fangs 2, regeneration 1, magic shield, antimagic bite, no
potion heal 2
a: Begin Untransformation


You were on level 3 of the Dungeon.
You were a hulking beast.
You visited 1 branch of the dungeon, and saw 4 of its levels.
You also visited: Sewer.

You collected 131 gold pieces.

Inventory:

Armour
 a - a +0 animal skin (worn)
Jewellery
 l - a ring of flight (left hand)
Talismans
 c - a beast talisman (active)
 d - a flux talisman
 f - a serpent talisman
Wands
 j - a wand of polymorph (9)
Scrolls
 e - a scroll of blinking {unknown}
 h - a scroll of identify {unknown}
 k - a scroll of enchant armour {unknown}
 m - a scroll of fear {unknown}
 n - a scroll of butterflies {unknown}
 p - 3 scrolls of teleportation
 q - a scroll of immolation {unknown}
Potions
 b - 3 potions of lignification
 g - a potion of experience {unknown}
 i - 2 potions of mutation {unknown}
 o - 4 potions of enlightenment
 r - a potion of might {unknown}
 s - a potion of heal wounds {unknown}
 t - a potion of brilliance {unknown}


   Skills:
 + Level 2.6 Fighting
 + Level 2.8 Dodging
 + Level 4.1 Unarmed Combat
 * Level 4.8 Shapeshifting


You had 5 spell levels left.
You didn't know any spells.
Your spell library contained the following spells:

 Spells                   Type           Power      Damage    Failure   Level
 Poisonous Vapours        Pois/Air       0%         N/A       50%         2
 Mephitic Cloud           Conj/Pois/Air  0%         N/A       75%         3
 Alistair's Intoxication  Tmut/Pois      0%         N/A       100%        5
 Borgnjor's Vile Clutch   Necr/Erth      0%         N/A       100%        5
 Freezing Cloud           Conj/Ice/Air   0%         6-21      100%        5
 Eringya's Noxious Bog    Tmut/Pois      0%         4d6       100%        6


Dungeon Overview and Level Annotations

Branches:
Dungeon (4/15)              Sewer (visited)
 Temple: D:4-7

Altars:
Elyvilon
Vehumet

Shops:
D:3 ?


Innate Abilities, Weirdness & Mutations

You are a hulking beast.
Your limbs bulge with bestial killing power. (Slay +2)
You have extremely sharp teeth.
Your natural rate of healing is unusually fast.
When hurt, damage is shared between your health and your magic reserves.
Your bite disrupts and absorbs the magic of your enemies.
Potions cannot restore your health.


Message History

The endoplasm attacks as it pursues you!
The endoplasm barely misses you.
An ufetubus comes into view.
The ufetubus shouts!
The ufetubus barely misses you. The ufetubus closely misses you.
The ufetubus misses you. The ufetubus barely misses you. The ufetubus hits you.
The ufetubus barely misses you. The ufetubus attacks as it pursues you!
The ufetubus misses you. The ufetubus completely misses you.
The ufetubus barely misses you. x2
There is a stone staircase leading up here.
The ufetubus hits you but does no damage. x2
The endoplasm misses you.
You fly upwards.
There is a stone staircase leading down here.
You punch the ufetubus!
You kill the ufetubus!
The endoplasm barely misses you.
You hit the endoplasm.
You kill the endoplasm!
You start resting.
HP restored.
You fly downwards.
The gnoll closely misses you. The gnoll hits you with a +0 whip.
The gnoll closely misses you.
There is a stone staircase leading up here.
The gnoll closely misses you. x2; The gnoll barely misses you.
You fly upwards.
There is a stone staircase leading down here.
You hit the gnoll but do no damage. The gnoll hits you with a +0 whip.
The gnoll hits you with a +2 heavy flail!
Ouch! That really hurt!
You closely miss the gnoll. You bite the gnoll. You drain its power.
You feel invigorated.
The gnoll is moderately wounded.
The gnoll hits you with a +0 whip!
* * * LOW HITPOINT WARNING * * *
You punch the gnoll! Your bite misses the gnoll.
The gnoll is almost dead.
The gnoll misses you.
The gnoll hits you with a +2 heavy flail!
You die...

.#####.# ##...## #.# .# #.####
##...(.## ###.#
.#####....###.......## ##.#.#
.#...#..#.##.........####....####
.#...#.....'.........+...........
........#.##.................####
.......##.###.....####.####..# ##
.......##.# ##..g.##.....##..# #≈
#.........# ##gh(#.......#..# #≈
##....##### ##+.#.......#..# #≈
####.# #......_......# ## #.#
#..#.......#.## # #.#
##..#.......#.# #.#
##...##.....##.#
#.########....####.####.#
#.........#........)....#
#########...............#


You could see 2 gnolls.

Vanquished Creatures
  3 orc priests (D:3)
  A sickly merfolk siren (Sewer)
  A malarious merfolk avatar (Sewer)
  A gnoll (D:4)
  6 adders
  3 river rats (Sewer)
  An ufetubus (D:3)
  2 dart slugs
  2 worms
  5 orcs
  4 ball pythons
  7 endoplasms
  3 giant cockroaches
  4 goblins
  10 hobgoblins
  15 jackals
  3 kobolds (D:3)
  3 quokkas
  6 bats
  9 frilled lizards
  33 rats
122 creatures vanquished.

Notes
Turn   | Place    | Note
-------+----------+-------------------------------------------
     0 | D:1      | Ethylacetat the Vine Stalker Shapeshifter began the quest
                  | for the Orb.
     0 | D:1      | Reached XP level 1. HP: 9/9 MP: 2/2
    38 | D:1      | Reached skill level 1 in Fighting
   151 | D:1      | Reached XP level 2. HP: 14/14 MP: 3/3
   771 | D:2      | Reached XP level 3. HP: 15/18 MP: 2/4
   841 | D:2      | Found a faded altar of an unknown god.
  1487 | D:3      | Found Fytoebal's Magic Scroll Boutique.
  1507 | D:3      | Found a white marble altar of Elyvilon.
  1517 | D:3      | Reached XP level 4. HP: 11/23 MP: 1/5
  1668 | D:3      | Reached XP level 5. HP: 10/26 MP: 1/6
  1807 | D:3      | Found a glowing drain.
  1828 | Sewer    | Entered a sewer
  1951 | Sewer    | Reached XP level 6. HP: 31/32 MP: 5/7
  2499 | D:3      | Found a radiant altar of Vehumet.
  2961 | D:3      | Slain by a gnoll

Illustrated notes

Levels and vault maps discovered:
D:1:      dpeg_arrival_arbitrary_a, layout_loops_ring
D:2:      layout_basic, shapermc_ecumenical_altar_venn
D:3:      layout_loops_corners, old_standard_altar, mainiacjoe_overflow_catwalk,
          cheibrodos_sewer_entry_drain, serial_shops, nicolae_shop_waterfront
D:4:      layout_basic, minmay_temple_entry_junction

Skill      XL: |  1  2  3  4  5  6 |
---------------+-------------------+-----
Fighting       | 1 2 |  2.6
Dodging        | 2 |  2.8
Shapeshifting  | 4 |  4.8
Unarmed Combat | 4 |  4.1

Action                     |  1- 3 |  4- 6 || total
---------------------------+-------+-------++-------
  Melee: Unarmed           |    88 |   222 ||   310
         Bite              |    15 |    44 ||    59
         Punch             |     2 |     2 ||     4
   Stab: Sleeping          |     1 |     2 ||     3
 Armour: Animal skin       |    56 |   114 ||   170
  Dodge: Dodged            |    53 |   170 ||   223

Table legend: (Time is in decaauts)
 A = Elapsed time spent in this place.
 B = Non-inter-level travel time spent in this place.
 C = Inter-level travel time spent in this place.
 D = Time resting spent in this place.
 E = Time spent auto-exploring this place.
 F = Levels seen in this place.
 G = Mean time per level.
                   A        B        C        D        E       F      G
               +--------+--------+--------+--------+--------+-----+--------+
         Total |   2976 |   2845 |    131 |     11 |   1919 |   5 |  595.2 |
       Dungeon |   2599 |   2468 |    131 |     11 |   1755 |   4 |  649.8 |
         Sewer |    377 |    377 |      0 |      0 |    163 |   1 |  377.0 |
               +--------+--------+--------+--------+--------+-----+--------+

Top non-repeatable levels by time:
     D:3: 977 daAuts
     D:2: 813 daAuts
     D:1: 664 daAuts
   Sewer: 377 daAuts
     D:4: 144 daAuts
